 Seeded DCSS version 0.29.1-15-g9cfb28693d (webtiles) character file.

Game seed: 16245865983455551772 (custom seed)

93 Darius099 the Sneak (level 4, -2/29 HPs)
             Began as an Octopode Brigand on Mar 8, 2023.
             Slain by an orc wizard
             ... wielding a +0 dagger
              (4 damage)
             ... on level 3 of the Dungeon.
             The game lasted 00:03:20 (1825 turns).

Darius099 the Sneak (Octopode Brigand)              Turns: 1825, Time: 00:03:20

Health: -2/29      AC:  1    Str: 16    XL:     4   Next: 61%
Magic:  0/0        EV: 11    Int: 25    God:
Gold:   1073       SH: 10    Dex: 22    Spells: 3/3 levels left

rFire   . . .      SeeInvis .   a - +2 dagger
rCold   + + .      Faith    .   k - +1 kite shield "Maaji" {Dex+7 Stlth+}
rNeg    . . .      Spirit   .   (helmet restricted)
rPois   .          Reflect  .   (no amulet)
rElec   +          Harm     .   h - +6 ring of intelligence
rCorr   +          Rampage  .   i - +6 ring of intelligence
Will    .....                   j - ring "Gentid" {rElec rC++ rCorr MP-9 Str+6}
Stlth   ++++++....              (no ring)
HPRegen 0.09/turn               (no ring)
MPRegen 0.07/turn               (no ring)
                                (no ring)
                                (no ring)

@: no status effects
A: almost no armour, amphibious, 8 rings, camouflage 1, gelatinous body 1,
(nimble swimmer 1), tentacles
a: no special abilities


You were on level 3 of the Dungeon.
You visited 1 branch of the dungeon, and saw 3 of its levels.

You collected 1073 gold pieces.

Inventory:

Hand Weapons
 a - a +2 dagger (weapon)
Missiles
 b - 11 poisoned darts (quivered)
 c - 3 curare-tipped darts
Armour
 k - the +1 kite shield "Maaji" (worn) {Dex+7 Stlth+}
   (You acquired it on level 1 of the Dungeon)

   Dex:       It affects your dexterity (+7).
   Stlth:     It makes you more stealthy.
Jewellery
 h - a +6 ring of intelligence (left tentacle)
 i - a +6 ring of intelligence (right tentacle)
 j - the ring "Gentid" (on tentacle) {rElec rC++ rCorr MP-9 Str+6}
   (You acquired it on level 1 of the Dungeon)

   [ring of strength]

   Str:       It affects your strength (+6).
   rC:        It greatly protects you from cold.
   rElec:     It insulates you from electricity.
   MP:        It affects your magic capacity (-9).
   rCorr:     It protects you from acid and corrosion.
Scrolls
 d - a scroll of identify {unknown}
 g - 2 scrolls of teleportation {unknown}
 m - a scroll of summoning {unknown}
 n - a scroll of enchant weapon {unknown}
Potions
 e - a potion of might {unknown}
 f - 2 potions of flight {unknown}
 l - a potion of lignification {unknown}


   Skills:
 - Level 2.1 Fighting
 + Level 3.1 Short Blades
 - Level 2.1 Throwing
 - Level 1.2 Dodging
 + Level 6.4 Stealth
 + Level 1.4 Shields


You had 3 spell levels left.
You didn't know any spells.
Your spell library contained the following spells:

 Spells                   Type           Power      Damage    Failure   Level
 Sting                    Tmut/Pois      0%         1d3       41%         1
 Poisonous Vapours        Pois/Air       0%         N/A       56%         2
 Olgreb's Toxic Radiance  Pois           0%         N/A       99%         4


Dungeon Overview and Level Annotations

Branches:
Dungeon (3/15)

Altars:


Innate Abilities, Weirdness & Mutations

You cannot wear most types of armour.
You are amphibious.
You can wear up to eight rings at the same time.
Your skin changes colour to match your surroundings (Stealth+).
Your rubbery body absorbs attacks. (AC +1, EV +1)
((You are camouflaged when in or above water. (Stealth+)))
You have tentacles for arms and can constrict up to eight enemies at once.


Message History

The orc wizard is moderately wounded.
You constrict the orc wizard. You block the orc wizard's attack.
The orc barely misses you.
You hit the orc wizard.
The orc wizard is moderately wounded.
You constrict the orc wizard. You block the orc wizard's attack.
The orc hits you but does no damage.
You hit the orc wizard.
The orc wizard is heavily wounded.
You constrict the orc wizard. The orc wizard closely misses you.
The orc barely misses you.
An orc comes into view. It is wielding a +0 trident.
You hit the orc wizard.
You kill the orc wizard!
The orc hits you with a +0 dagger.
Your Short Blades skill increases to level 3!
You hit the orc. You grab the orc. You squeeze the orc.
You kill the orc!
You closely miss the orc. You grab the orc. You squeeze the orc.
The orc is lightly wounded.
You constrict the orc. You block the orc's attack.
You hit the orc.
You kill the orc!
You block the orc's attack. Something hits you.
You hit the orc. Your grab misses the orc.
The orc is almost dead.
You block the orc's attack. The orc hits you with a +0 dagger.
You hear some strange, mumbled words.
A magic dart appears from out of thin air!
The magic dart hits you.
You hit the orc.
You kill the orc!
You block the orc's attack. Something hits you.
You hit something but do no damage. Your squeeze misses something.
The orc hits you from afar with a +0 trident!
* * * LOW HITPOINT WARNING * * *
Something hits you.
* * * LOW HITPOINT WARNING * * *
You miss something. You block the orc's attack. Something hits you.
You die...

#########
#<#.#.#.#####
###.#.#).......
#.....@{o.#
#.#.#.###.#
#...#... ..
######### ##


You could see an orc.

Vanquished Creatures
  Jessica (D:2)
  An orc wizard (D:3)
  An adder (D:2)
  3 orcs (D:3)
  2 ball pythons (D:1)
  2 bats
  4 endoplasms (D:1)
  2 goblins (D:1)
  3 hobgoblins (D:1)
  2 kobolds (D:1)
  3 quokkas (D:1)
  A frilled lizard (D:1)
  3 rats
28 creatures vanquished.

Notes
Turn   | Place    | Note
-------+----------+-------------------------------------------
     0 | D:1      | Darius099 the Octopode Brigand began the quest for the Orb.
     0 | D:1      | Reached XP level 1. HP: 14/14 MP: 1/1
   351 | D:1      | Reached XP level 2. HP: 19/19 MP: 2/2
   419 | D:1      | Found a faded altar of an unknown god.
  1037 | D:1      | Reached XP level 3. HP: 20/24 MP: 3/3
  1081 | D:1      | Identified 3 scrolls of acquirement
  1081 | D:1      | Acquired the ring "Gentid" {rElec rC++ rCorr MP-9 Str+6}
  1084 | D:1      | Acquired the +1 kite shield "Maaji" {Dex+7 Stlth+}
  1100 | D:1      | Acquired 982 gold pieces
  1218 | D:2      | Noticed Jessica
  1222 | D:2      | Killed Jessica
  1223 | D:2      | Reached skill level 6 in Stealth
  1223 | D:2      | Reached skill level 1 in Shields
  1223 | D:2      | Reached XP level 4. HP: 29/29 MP: 0/4
  1825 | D:3      | Slain by an orc wizard

Illustrated notes

Levels and vault maps discovered:
D:1:      minmay_arrival_hallway, layout_loops_corners, basic_ecumenical_altar,
          minmay_unequal
D:2:      layout_loops_ring, uniq_jessica
D:3:      layout_basic, serial_shops, nicolae_shop_advertising_works
          [nicolae_subvault_shop_adworks], minmay_shallow_snake_nest,
          uniq_natasha

Skill      XL: |  1  2  3  4 |
---------------+-------------+-----
Stealth        | 6 |  6.4
Shields        | 1 |  1.4
Short Blades   | 3 |  3.1
Fighting       | |  2.1
Throwing       | |  2.1
Dodging        | |  1.2

Action                   |  1- 3 |  4- 6 || total
-------------------------+-------+-------++-------
Melee: Dagger            |    37 |    14 ||    51
       Constrict         |     7 |     3 ||    10
       Tentacles         |     5 |     3 ||     8
       Punch             |     1 |       ||     1
  Use: Scroll            |     3 |       ||     3
 Stab: Sleeping          |    13 |       ||    13
Armor: Skin              |     3 |     2 ||     5
Dodge: Dodged            |    22 |     3 ||    25
Block: Kite shield       |       |     8 ||     8
